 Dungeon Crawl Stone Soup version 0.19-a0-1717-gc7c1317 (webtiles) character file.

50 Deemzul the Skirmisher (level 3, -3/29 HPs)
             Began as a Demonspawn Berserker on Sept 28, 2016.
             Was a Believer of Trog.
             Killed by nerve-wracking pain
             ... invoked by a shadow imp
             ... summoned by Natasha
              (13 damage)
             ... on level 2 of the Dungeon.
             The game lasted 00:01:11 (1117 turns).

Deemzul the Skirmisher (Demonspawn Berserker)       Turns: 1117, Time: 00:01:11

Health: -3/29      AC:  3    Str: 17    XL:     3   Next: 55%
Magic:  3/3        EV: 18    Int:  8    God:    Trog [**....]
Gold:   103        SH:  0    Dex: 18    Spells: 0 memorised, 2 levels left

rFire  . . .     SeeInvis .     a - +0 falchion
rCold  . . .     Gourm    .     b - +0 animal skin
rNeg   . . .     Faith    .     (no shield)
rPois  .         Spirit   .     (no helmet)
rElec  .         Dismiss  .     (no cloak)
rCorr  .         Reflect  .     (no gloves)
MR     .....     Harm     .     (no boots)
Stlth  +++.......               (no amulet)
                                (no ring)
                                (no ring)

@: agile, slowed, very slow
A: talons 1, powered by pain 1
a: Berserk, Trog's Hand, Burn Spellbooks, Renounce Religion


You were on level 2 of the Dungeon.
You worshipped Trog.
Trog was pleased with you.
You were not hungry.

You visited 1 branch of the dungeon, and saw 2 of its levels.

You collected 103 gold pieces.

Inventory:

Hand Weapons
 a - a +0 falchion (weapon)
Armour
 b - a +0 animal skin (worn)
Wands
 i - a wand of random effects (14/48)
Scrolls
 f - a scroll of identify {unknown}
 g - a scroll of fog {unknown}
 j - a scroll of random uselessness {unknown}
Potions
 d - 2 potions of curing {unknown}
 e - a potion of heal wounds {unknown}
 h - a potion of haste {unknown}
 k - a potion of might {unknown}
Comestibles
 c - 3 bread rations


   Skills:
 + Level 3.5 Fighting
 * Level 3.4 Long Blades
 - Level 1.7 Armour
 + Level 2.2 Dodging


You had 2 spell levels left.
You didn't know any spells.

Dungeon Overview and Level Annotations

Branches:
Dungeon (2/15)

Altars:

Annotations:
D:2 Natasha


Innate Abilities, Weirdness & Mutations

You have sharp toenails.
You sometimes gain a little power by taking damage.


Message History

The magic dart hits you! Natasha barely misses you.
You closely miss Natasha. You claw Natasha, but do no damage.
Natasha is moderately wounded.
Natasha casts a spell.
Natasha misses you.
You hit Natasha. Your kick misses Natasha.
Natasha is heavily wounded.
Natasha mumbles some strange words.
Natasha glows brightly for a moment.
Natasha misses you.
You barely miss Natasha.
Natasha is heavily wounded.
Natasha stares at you and mumbles some strange words.
The magic dart hits you!
You focus on the pain.
You feel agile all of a sudden.
Natasha stares at you and mumbles some strange words.
You feel as though you will be slow longer.
The shadow imp gestures at you. Pain shoots through your body!
You die...

#.# #.# .. #.# .. #.# ..
#.# .# #####.### .#
#.......# .# # #
#.#.#.#.# ##h#.##
###.....#.######@5...###
'................†......
###.......######.#...###
# ###.#.### #.##.##
#.....# #.# ## #.....#
#.# #.....# #.# #.....#
... #.....# #.#


You could see Natasha and a shadow imp.

Vanquished Creatures
  An adder (D:2)
  An ooze (D:1)
  2 leopard geckos (D:1)
  8 bats
  2 giant cockroaches (D:2)
  5 hobgoblins
  9 frilled lizards
  6 kobolds (D:1)
  2 rats
36 creatures vanquished.

Notes
Turn   | Place    | Note
-------+----------+-------------------------------------------
     0 | D:1      | Deemzul the Demonspawn Berserker began the quest for the Orb.
     0 | D:1      | Reached XP level 1. HP: 18/18 MP: 1/1
   258 | D:1      | Gained mutation: You sometimes gain a little power by taking damage. [demonic ancestry]
   258 | D:1      | Reached XP level 2. HP: 16/24 MP: 2/2
   487 | D:1      | Reached ** piety under Trog
   554 | D:1      | Gained mutation: You have sharp toenails. [demonic ancestry]
   554 | D:1      | Reached XP level 3. HP: 25/29 MP: 3/3
  1107 | D:2      | Noticed Natasha
  1117 | D:2      | Killed from afar by a shadow imp

Vault maps used:
D:1:      dpeg_arrival_lava_altar, minmay_lizard_pond
D:2:      tso_oasis_becter, uniq_jessica, uniq_iyjb, uniq_natasha

Skill      XL: |  1  2 |
---------------+-------+-----
Dodging        | 2 |  2.2
Long Blades    | 3 |  3.4
Fighting       | |  3.5
Armour         | |  1.7

Action                   || total
-------------------------++-------
Melee: Falchion          ||   135
       Kick              ||    14
  Eat: Chunk             ||     1
Armor: Animal skin       ||    25
Dodge: Dodged            ||    82
